[Event "Chile-ch Women 2019"]
[Site "Santiago Las Condes"]
[Date "2019.02.12"]
[Round "1.1"]
[White "Abarca Gonzalez, Damaris"]
[Black "Aguilera Merlet, Melisa Paz"]
[Result "1-0"]
[ECO "B84"]
[WhiteElo "2039"]
[BlackElo "1653"]
[Annotator "NA"]
[PlyCount "53"]
[EventDate "2019.02.12"]
[EventType "swiss"]
[EventCountry "CHI"]
[SourceTitle "playchess.com"]
[Source "ChessBase"]
[SourceQuality "1"]
[TimeControl "5400+30"]

1. e4 c5 2. Nf3 d6 3. d4 cxd4 4. Nxd4 Nf6 5. Nc3 a6 6. Be2 e6 7. O-O Be7 8. a4 O-O 9. a5 Qc7 10. Be3 Nbd7 11. f4 Nc5 12. Bf3 Re8 13. g4 Bf8 14. g5 Nfd7 15. Nde2 Nb8 16. b4 Ncd7 17. Na4 Nc6 18. c3 Ne7 19. Bg2 g6 20. Qd2 Bg7 21. Rfd1 Qc4 22. Nb2 Qc7 23. Qxd6 Qxd6 24. Rxd6 Bf8 25. Rd2 Bg7 26. Rad1 Rd8 27. Nc4 1-0

[Event "Chile-ch Women 2019"]
[Site "Santiago Las Condes"]
[Date "2019.02.12"]
[Round "1.1"]
[White "Abarca Gonzalez, Damaris"]
[Black "Cruz Leiva, Kamila Ignacia"]
[Result "1-0"]
[ECO "A36"]
[WhiteElo "2039"]
[BlackElo "1251"]
[Annotator "NA"]
[PlyCount "25"]
[EventDate "2019.02.12"]
[EventType "swiss"]
[EventCountry "CHI"]
[SourceTitle "playchess.com"]
[Source "ChessBase"]
[SourceQuality "1"]
[TimeControl "5400+30"]

1. c4 Nf6 2. g3 c5 3. Bg2 e6 4. Nc3 Be7 5. e3 Nc6 6. Nge2 O-O 7. O-O Rb8 8. d4 cxd4 9. exd4 a6 10. d5 Na5 11. d6 Bxd6 12. Qxd6 Nxc4 13. Qxb8 1-0

[Event "Chile-ch Women 2019"]
[Site "Santiago Las Condes"]
[Date "2019.02.12"]
[Round "1.2"]
[White "Hormazabal Figueroa, Constanza Va"]
[Black "Sanchez Soto, Ana Isabel"]
[Result "0-1"]
[ECO "C54"]
[WhiteElo "1624"]
[BlackElo "1993"]
[Annotator "NA"]
[PlyCount "58"]
[EventDate "2019.02.12"]
[EventType "swiss"]
[EventCountry "CHI"]
[SourceTitle "playchess.com"]
[Source "ChessBase"]
[SourceQuality "1"]
[TimeControl "5400+30"]

1. e4 e5 2. Nf3 Nc6 3. Bc4 Bc5 4. d3 Nf6 5. c3 O-O 6. b4 Bb6 7. b5 Na5 8. Nxe5 d6 9. Nxf7 Rxf7 10. Bxf7+ Kxf7 11. Nd2 Qe8 12. a4 a6 13. bxa6 Rxa6 14. O-O Kg8 15. h3 Bd7 16. Kh1 Nh5 17. Qf3 Ra8 18. d4 Qg6 19. Re1 Rf8 20. Qe2 Nf4 21. Qf1 Qh5 22. Nc4 Nxh3 23. gxh3 Bxh3 24. Qg1 Nxc4 25. Ra2 Bg4+ 26. Qh2 Qg6 27. Kg1 Rf3 28. Qg2 Qh5 29. Rc2 Rh3 0-1

[Event "Chile-ch Women 2019"]
[Site "Santiago Las Condes"]
[Date "2019.02.12"]
[Round "1.2"]
[White "Rozas Lazcano, Valeska"]
[Black "Jorquera Cabello, Valentina Paz"]
[Result "0-1"]
[ECO "B20"]
[WhiteElo "1219"]
[BlackElo "2016"]
[Annotator "NA"]
[PlyCount "82"]
[EventDate "2019.02.12"]
[EventType "swiss"]
[EventCountry "CHI"]
[SourceTitle "playchess.com"]
[Source "ChessBase"]
[SourceQuality "1"]
[TimeControl "5400+30"]

1. e4 c5 2. b4 d6 3. bxc5 dxc5 4. Nf3 Nc6 5. Bb5 Bd7 6. O-O {[%emt 0:04:02] B20: Sicilian: Unusual White 2nd moves} e6 7. c3 Nf6 8. Re1 a6 (8... Rc8 9. d4 cxd4 10. cxd4 Bb4 11. Bd2 Bxd2 12. Qxd2 {1-0 (44) Christiansen,J (2495)-Kuzubov,Y (2699) Riadh 2017}) 9. Ba4 $146 ({Predecessor:} 9. Bf1 e5 10. a4 Be7 11. Na3 {½-½ (44) Akshayraj,K (2394)-Roy Chowdhury,S (2427) Mumbai 2009}) 9... c4 10. Bc2 e5 11. d4 cxd3 12. Qxd3 h6 13. Nbd2 Bc5 14. h3 O-O 15. Nf1 Qc7 16. Ne3 Bxe3 17. Qxe3 Rac8 18. Bb3 Na5 19. Ba3 Rfe8 $1 20. Rac1 Be6 21. Nd2 Nc4 22. Nxc4 Bxc4 23. Bb2 Red8 24. Red1 b5 25. Qf3 Qc6 26. Re1 Rd2 27. Ba1 (27. Ba3 $17) 27... Rcd8 28. g4 (28. Qf5 {might work better.}) 28... R8d3 29. Qf5 $19 Rxh3 30. g5 Rh5 31. Qf3 Rxg5+ 32. Kh1 Ng4 33. Rc2 Nxf2+ 34. Kh2 Ng4+ 35. Kh1 Rd3 36. Qg2 Qg6 37. Rg1 Qh5+ 38. Qh2 Nxh2 39. Rxh2 Qf3+ 40. Rgg2 Qf1+ 41. Rg1 Rxg1# 0-1

[Event "Chile-ch Women 2019"]
[Site "Santiago Las Condes"]
[Date "2019.02.12"]
[Round "1.3"]
[White "Jorquera Cabello, Valentina"]
[Black "Santoya Gonzalez, Clara Maria"]
[Result "1-0"]
[ECO "B52"]
[WhiteElo "2016"]
[BlackElo "2128"]
[Annotator "NA RC"]
[PlyCount "61"]
[EventDate "2019.02.12"]
[EventType "swiss"]
[EventCountry "CHI"]
[SourceTitle "playchess.com"]
[Source "ChessBase"]
[SourceQuality "1"]
[TimeControl "5400+30"]

1. e4 c5 2. Nf3 d6 3. Bb5+ Bd7 4. Bxd7+ Nxd7 5. O-O g6 6. c3 Bg7 7. d4 cxd4 8. cxd4 Qc7 9. Nc3 e6 10. Bf4 a6 11. Rc1 Qb8 12. Qd2 Ne7 13. Ne2 O-O 14. Qb4 Nc6 15. Qxd6 Qxd6 16. Bxd6 Rfd8 17. e5 Nb6 18. Bc7 Rd5 19. Bxb6 Rb5 20. Bc7 Rxb2 21. Nc3 Rc8 22. Bd6 Bh6 23. Rb1 Rc2 24. Ne4 Rxa2 25. Nf6+ Kg7 26. Rxb7 Ra5 27. g3 Rb5 28. Rd7 a5 29. Ng4 a4 30. Nxh6 Kxh6 31. Rxf7 1-0

[Event "Chile-ch Women 2019"]
[Site "Santiago Las Condes"]
[Date "2019.02.12"]
[Round "1.4"]
[White "Pilnik Aranda, Karla Constanza"]
[Black "Arbunic Castro, Giovanna"]
[Result "0-1"]
[ECO "B27"]
[WhiteElo "1373"]
[BlackElo "1995"]
[Annotator "NA"]
[PlyCount "62"]
[EventDate "2019.02.12"]
[EventType "swiss"]
[EventCountry "CHI"]
[SourceTitle "playchess.com"]
[Source "ChessBase"]
[SourceQuality "1"]
[TimeControl "5400+30"]

1. e4 g6 2. d4 Bg7 3. Nf3 c5 4. Be3 Nf6 5. Nc3 Qa5 6. Nd2 Qb4 7. Nb5 Na6 8. Rb1 O-O 9. c3 Qa5 10. dxc5 d6 11. cxd6 exd6 12. Be2 d5 13. Qc2 dxe4 14. Nd6 Bf5 15. N2xe4 Nxe4 16. Nxe4 Rfe8 17. Bd3 Rad8 18. f3 Bxe4 19. fxe4 f5 20. O-O fxe4 21. Qb3+ Kh8 22. Bc4 Rc8 23. Be2 Nc5 24. Qc2 Nd3 25. Qb3 Rc7 26. Rf7 Rxf7 27. Qxf7 Rf8 28. Qxb7 Qxa2 29. Rd1 Qxb2 30. Qxe4 Qxe2 31. Qxd3 Rf1+ 0-1

[Event "Chile-ch Women 2019"]
[Site "Santiago Las Condes"]
[Date "2019.02.12"]
[Round "1.4"]
[White "Sangar Sangar, Saisha"]
[Black "Gomez Barrera, Javiera Belen"]
[Result "0-1"]
[ECO "C54"]
[WhiteElo "1166"]
[BlackElo "1990"]
[Annotator "NA"]
[PlyCount "48"]
[EventDate "2019.02.12"]
[EventType "swiss"]
[EventCountry "CHI"]
[SourceTitle "playchess.com"]
[Source "ChessBase"]
[SourceQuality "1"]
[TimeControl "5400+30"]

1. e4 e5 2. Nf3 Nc6 3. Bc4 Bc5 4. c3 Nf6 5. d3 d6 6. h3 a6 7. a4 Ba7 8. O-O h6 9. Bd2 g5 10. Nh2 Rg8 11. Qb3 Qe7 12. Be3 Na5 13. Qa2 Nxc4 14. Qxc4 g4 15. hxg4 Nxg4 16. Nxg4 Bxg4 17. g3 Be6 18. Qb4 Bxe3 19. fxe3 Qh4 20. Kf2 Qxg3+ 21. Ke2 Bg4+ 22. Kd2 Qg2+ 23. Kc1 Qxf1+ 24. Kc2 Qd1# 0-1

[Event "Chile-ch Women 2019"]
[Site "Santiago Las Condes"]
[Date "2019.02.12"]
[Round "1.5"]
[White "Reyes Jara, Paula"]
[Black "Vargas Moraleda, Tabatha Victori"]
[Result "1-0"]
[ECO "B72"]
[WhiteElo "1955"]
[BlackElo "1395"]
[Annotator "NA"]
[PlyCount "77"]
[EventDate "2019.02.12"]
[EventType "swiss"]
[EventCountry "CHI"]
[SourceTitle "playchess.com"]
[Source "ChessBase"]
[SourceQuality "1"]
[TimeControl "5400+30"]

1. e4 c5 2. Nf3 d6 3. d4 cxd4 4. Nxd4 Nf6 5. Nc3 g6 6. Be2 Bg7 7. Be3 O-O 8. Qd2 Re8 9. h4 h5 10. O-O-O Nc6 11. f3 Bd7 12. Rhg1 Ne5 13. Bh6 Bh8 14. Bg5 Rc8 15. f4 Neg4 16. Bf3 Qb6 17. f5 Rc7 18. Bxg4 Rxc3 19. Qxc3 Nxg4 20. fxg6 fxg6 21. Qc4+ e6 22. Nb3 Ne5 23. Qe2 d5 24. Be3 Qc7 25. Bf4 Qc8 26. exd5 exd5 27. Rxd5 Nc4 28. Qd3 Bf5 29. Rxf5 gxf5 30. c3 Qe6 31. Nd4 Qc8 32. Nxf5 Nb6 33. Nd6 Qc5 34. Qg6+ Bg7 35. Qxe8+ Kh7 36. Qe4+ Kg8 37. Qe6+ Kh7 38. Qf5+ Kg8 39. Qxc5 1-0

[Event "Chile-ch Women 2019"]
[Site "Santiago Las Condes"]
[Date "2019.02.12"]
[Round "1.5"]
[White "Reyes Jara, Paula"]
[Black "Astudillo Hernandez, Marta"]
[Result "1-0"]
[ECO "C54"]
[WhiteElo "1955"]
[BlackElo "1097"]
[Annotator "NA"]
[PlyCount "23"]
[EventDate "2019.02.12"]
[EventType "swiss"]
[EventCountry "CHI"]
[SourceTitle "playchess.com"]
[Source "ChessBase"]
[SourceQuality "1"]
[TimeControl "5400+30"]

1. e4 e5 2. Nf3 Nc6 3. Bc4 Bc5 4. c3 Nf6 5. d3 d6 6. O-O O-O 7. Bg5 h6 8. Bh4 a6 9. d4 exd4 10. cxd4 Bb4 11. a3 b5 12. Bd5 1-0

[Event "Chile-ch Women 2019"]
[Site "Santiago Las Condes"]
[Date "2019.02.12"]
[Round "1.6"]
[White "Hidalgo Martinez, Camila"]
[Black "Ruiz Olate, Emily Andrea"]
[Result "0-1"]
[ECO "B24"]
[WhiteElo "1069"]
[BlackElo "1892"]
[Annotator "NA"]
[PlyCount "70"]
[EventDate "2019.02.12"]
[EventType "swiss"]
[EventCountry "CHI"]
[SourceTitle "playchess.com"]
[Source "ChessBase"]
[SourceQuality "1"]
[TimeControl "5400+30"]

1. e4 c5 2. Nc3 Nc6 3. g3 g6 4. Bg2 Bg7 5. d3 Nf6 6. h3 d6 7. a3 Bd7 8. Bd2 O-O 9. f4 Rb8 10. Nf3 b5 11. O-O b4 12. Ne2 bxa3 13. bxa3 c4 14. Qe1 cxd3 15. cxd3 Qb6+ 16. Kh1 Qb3 17. Nc1 Qc2 18. g4 Nxg4 19. hxg4 Bxa1 20. Qh4 Bg7 21. f5 Ne5 22. Bh6 Bxh6 23. Qxh6 Nxg4 24. Qh4 Ne3 25. Rg1 Nxg2 26. Rxg2 Qxc1+ 27. Rg1 Qe3 28. Ng5 h5 29. fxg6 fxg6 30. e5 Bc6+ 31. Ne4 Bxe4+ 32. dxe4 Qf3+ 33. Rg2 Rb2 34. Qh2 Qxg2+ 35. Qxg2 Rxg2 0-1

[Event "Chile-ch Women 2019"]
[Site "Santiago Las Condes"]
[Date "2019.02.12"]
[Round "1.7"]
[White "Sanchez Tobar, Francisca Valentina"]
[Black "Kaempfe Fuentes, Catalina"]
[Result "1-0"]
[ECO "C47"]
[WhiteElo "1817"]
[BlackElo "1057"]
[Annotator "NA"]
[PlyCount "61"]
[EventDate "2019.02.12"]
[EventType "swiss"]
[EventCountry "CHI"]
[SourceTitle "playchess.com"]
[Source "ChessBase"]
[SourceQuality "1"]
[TimeControl "5400+30"]

1. e4 e5 2. Nf3 Nc6 3. Nc3 Nf6 4. d4 d5 5. dxe5 dxe4 6. Qxd8+ Nxd8 7. Ng5 Nd7 8. Bf4 f6 9. exf6 gxf6 10. Ngxe4 Ne6 11. Be3 b6 12. Bb5 Be7 13. Nd5 Rf8 14. O-O-O Rf7 15. Rhe1 f5 16. Nxe7 fxe4 17. Nxc8 Rxc8 18. Bc6 Nd8 19. Bxe4 Nf6 20. Bf5 Nd7 21. Bc5+ Ne6 22. Bxe6 Nxc5 23. Bxc8+ Re7 24. Rxe7+ Kxe7 25. f3 Kf6 26. b4 Na4 27. Rd7 Nc3 28. Kb2 Nb5 29. Rxh7 Kg6 30. Bf5+ Kxf5 31. Rh5+ 1-0

[Event "Chile-ch Women 2019"]
[Site "Santiago Las Condes"]
[Date "2019.02.12"]
[Round "2.1"]
[White "Manriquez Abarzua, Maria Belen"]
[Black "Abarca Gonzalez, Damaris"]
[Result "1-0"]
[ECO "C49"]
[WhiteElo "1650"]
[BlackElo "2039"]
[Annotator "NA RC"]
[PlyCount "89"]
[EventDate "2019.02.12"]
[EventType "swiss"]
[EventCountry "CHI"]
[SourceTitle "playchess.com"]
[Source "ChessBase"]
[SourceQuality "1"]
[TimeControl "5400+30"]

1. e4 e5 2. Nf3 Nc6 3. Nc3 Nf6 4. Bb5 Bb4 5. d3 d6 6. O-O h6 7. h3 O-O 8. Ne2 {[%emt 0:05:02] C49: Four Knights: 4 Bb5 Bb4} (8. Be3 Be6 9. Bxc6 bxc6 10. Ne2 Nd7 11. d4 Qf6 12. c3 Ba5 13. Qa4 Bb6 14. Qxc6 Bxh3 15. dxe5 Qg6 {1-0 (45) Zozulia,A (2316)-Assaubayeva,B (2381) Riadh 2017}) 8... a6 9. Ba4 b5 10. Bb3 Na5 11. c3 Nxb3 12. Qxb3 (12. axb3 $5 Bc5 13. b4 $11) 12... Bc5 13. d4 exd4 14. cxd4 Bb6 15. Ng3 Be6 $146 ({Predecessor:} 15... c5) 16. Qc2 c5 17. d5 Bd7 18. Bf4 Bc8 19. Rfd1 Nh7 20. a4 Qf6 (20... Rb8 $16) 21. Be3 (21. Qc3 $18) 21... Bxh3 $2 (21... b4 $16) 22. Nh5 Qg6 23. Nf4 $1 Qg4 24. Nxh3 Rae8 25. axb5 axb5 26. Nd2 f5 27. f3 Qg3 28. Bf2 Qe5 29. b4 g5 30. bxc5 dxc5 31. exf5 Qxd5 32. Ne4 Qxf5 33. Qa2+ Qe6 34. Qxe6+ Rxe6 35. Bxc5 Bxc5+ 36. Nxc5 Re2 37. Ra7 Rc8 (37... Rf7 $142) 38. Ne4 $18 Rf8 39. Rdd7 Nf6 40. Rg7+ Kh8 41. Nhf2 b4 42. Ng4 Re1+ 43. Kh2 Nxg4+ 44. fxg4 Rff1 45. Rge7 1-0

[Event "Chile-ch Women 2019"]
[Site "Santiago Las Condes"]
[Date "2019.02.12"]
[Round "2.2"]
[White "Jorquera Cabello, Valentina Paz"]
[Black "Melipichun Torres, Katerine"]
[Result "1-0"]
[ECO "A04"]
[WhiteElo "2016"]
[BlackElo "1640"]
[Annotator "NA RC"]
[PlyCount "93"]
[EventDate "2019.02.12"]
[EventType "swiss"]
[EventCountry "CHI"]
[SourceTitle "playchess.com"]
[Source "ChessBase"]
[SourceQuality "1"]
[TimeControl "5400+30"]

1. e4 e6 2. d3 c5 3. g3 Nc6 4. Bg2 g6 5. Nf3 Bg7 6. O-O Nge7 7. c3 O-O 8. Re1 d6 9. a3 {[%emt 0:00:07] A04: Unusual lines after 1 Nf3 and King's Indian Attack} (9. Na3 e5 10. Nc2 h6 11. b4 b6 12. Be3 Kh7 13. bxc5 bxc5 14. d4 exd4 15. cxd4 d5 16. exd5 Nxd5 17. dxc5 Nxe3 18. Nxe3 Bxa1 19. Qxa1 {½-½ (102) Lie,K (2533)-Ragger,M (2689) Norway 2016}) 9... b5 10. Bg5 $146 ({Predecessor:} 10. d4 cxd4 11. cxd4 d5 12. e5 Qb6 13. Nc3 h6 14. g4 Bd7 15. Be3 Na5 16. Na2 Nc4 {0-1 (70) Lujan,C (2361)-Watanabe,A (2353) Sao Paulo 2008}) 10... Qd7 11. Qc1 a5 12. Bh6 Ba6 13. Bxg7 Kxg7 14. b4 e5 15. Qb2 f5 (15... f6 $14) 16. bxc5 Rad8 17. Nbd2 dxc5 18. c4 Qxd3 $2 (18... bxc4 $16 19. Nxc4 (19. Nxe5 Qd4 $14) 19... Bxc4 20. Nxe5 (20. dxc4 f4 $14) 20... Qd4 21. Nxc4 f4) 19. Re3 Qd6 20. cxb5 Rb8 {[%emt 0:02:12] [#]} 21. Nc4 $2 (21. a4 $1 $18 {is the precise move to win.}) 21... Qe6 22. Ncxe5 Rxb5 23. Qc3 Nxe5 (23... Qf6 $16) 24. Nxe5 Kg8 25. Nd3 Rb3 26. Nxc5 Rxc3 27. Nxe6 Rxe3 28. fxe3 Rf6 $16 29. Nd4 fxe4 30. Bxe4 Kg7 31. Rc1 Nc8 32. Bd5 Rd6 33. e4 Nb6 34. Rc7+ Kh6 35. Rc5 Nxd5 36. exd5 Bb7 37. Nc6 a4 38. Kf2 Rxd5 39. Rxd5 Bxc6 40. Rc5 Be8 41. h4 Bf7 42. Rc7 Bb3 43. Ke3 Bd1 44. Kf4 Be2 45. Rd7 Bb5 46. Rb7 Be8 47. g4 1-0

[Event "Chile-ch Women 2019"]
[Site "Santiago Las Condes"]
[Date "2019.02.12"]
[Round "2.3"]
[White "hormazabal figueroa, constanza valentina"]
[Black "Arbunic Castro, Giovanna"]
[Result "1-0"]
[ECO "D02"]
[WhiteElo "1624"]
[BlackElo "1995"]
[Annotator "NA RC"]
[PlyCount "61"]
[EventDate "2019.02.12"]
[EventType "swiss"]
[EventCountry "CHI"]
[SourceTitle "playchess.com"]
[Source "ChessBase"]
[SourceQuality "1"]
[TimeControl "5400+30"]

1. d4 d5 2. Bf4 Nf6 3. e3 e6 4. Bd3 Be7 5. Nd2 O-O 6. Ngf3 b6 7. Qe2 {[%emt 0:00:42] D02: 1 d4 d5 2 Nf3 sidelines, including 2...Nf6 3 g3 and 2...Nf6 3 Bf4} c5 8. c3 Bb7 9. Rd1 (9. O-O Nbd7 10. Ne5 Nxe5 11. Bxe5 Bd6 12. f4 Qe7 13. Rae1 Ne4 14. Bxe4 dxe4 15. Nc4 Bxe5 16. Nxe5 f6 17. Ng4 Rac8 18. Rd1 {0-1 (52) Ambartsumova,K (2374)-Gunina,V (2507) Moscow 2018}) 9... Nbd7 10. Bg3 Ne4 11. dxc5 $146 ({Predecessor:} 11. Ne5 f5 12. Bxe4 dxe4 {½-½ (20) Hausner,A (1965)-Johnsen,S Thessaloniki 1984}) 11... Nexc5 12. Bc2 Ba6 13. c4 dxc4 14. Nxc4 Rc8 15. O-O Qe8 16. b3 Nf6 17. e4 Na4 18. e5 Nd5 19. Rd4 Qc6 {[%emt 0:02:19] [#]} 20. Bh4 $1 Bb4 21. Ng5 g6 {[%emt 0:00:51] [#]} 22. Nxh7 $1 Rfe8 $2 ({Not} 22... Nac3 23. Qf3 $18) (22... Kxh7 23. Bf6 Nxf6 24. exf6 Rh8) 23. Nf6+ Nxf6 $18 24. Bxf6 Be7 25. Qg4 Bxf6 26. exf6 Rc7 27. Qg5 e5 28. Rd6 Qxd6 29. Nxd6 Re6 30. Ne8 Bxf1 31. Qh6 1-0

[Event "Chile-ch Women 2019"]
[Site "Santiago Las Condes"]
[Date "2019.02.13"]
[Round "2.4"]
[White "Gomez Barrera, Javiera Belen"]
[Black "Zuniga Lara, Catalina Paz"]
[Result "1-0"]
[ECO "B01"]
[WhiteElo "1990"]
[BlackElo "1617"]
[Annotator "NA RC"]
[PlyCount "137"]
[EventDate "2019.02.12"]
[EventType "swiss"]
[EventCountry "CHI"]
[SourceTitle "playchess.com"]
[Source "ChessBase"]
[SourceQuality "1"]
[TimeControl "5400+30"]

1. e4 d5 2. exd5 Qxd5 3. Nc3 Qa5 4. d4 Nf6 5. Bc4 e6 {[%emt 0:00:13] B01: Scandinavian Defence} (5... c6 6. Bd2 Qc7 7. Nf3 Bg4 8. h3 Bxf3 9. Qxf3 e6 10. O-O-O Nbd7 11. g4 Nb6 12. Bb3 O-O-O 13. g5 Ne8 14. Ne4 Nd6 15. Bf4 Nd5 16. Be5 Qd7 17. Nxd6+ Bxd6 18. c4 Nc7 19. Bxg7 Rhg8 20. Bf6 Be7 {1-0 (63) Sethuraman,S (2673)-Akobian,V (2641) Saint Louis 2018}) 6. Bd2 c6 7. Nf3 Qc7 8. Qe2 Be7 9. O-O Nbd7 10. Rfe1 Nb6 11. Bb3 Nbd5 $146 ({Predecessor:} 11... a5 12. a4 O-O 13. Rad1 Nbd5 14. Nxd5 cxd5 {0-1 (55) Ulanowski,K (1777)-Les,C (1883) Gdansk 2009}) 12. Ne5 O-O 13. Nxd5 (13. Ne4 ) 13... Nxd5 14. Qe4 f6 15. Nf3 b5 16. a4 b4 17. c4 bxc3 18. bxc3 f5 19. Qe2 Bf6 20. c4 Ne7 21. Rab1 a5 22. Ng5 Bxg5 23. Bxg5 h6 24. Bd2 Bd7 25. Bc3 Rae8 (25... Ng6 {is a better defense.} 26. Qd2 Kh7) 26. Qe5 Qxe5 $18 27. Rxe5 Rb8 28. Rxa5 Rb7 29. Bc2 Rfb8 30. Rxb7 Rxb7 31. Kf1 Kf7 32. Ke1 Nc8 33. Rc5 Nd6 34. f3 Ra7 35. Kd2 Nb7 36. Re5 c5 37. d5 exd5 38. Rxd5 Be6 39. Re5 g6 40. Bb3 Na5 41. Bxa5 Rxa5 42. Re1 Bd7 43. Kc3 Kf6 44. f4 Bc6 45. g3 Ra8 46. Ra1 Ra5 47. Bc2 g5 48. Rd1 Be4 49. Rd6+ Ke7 50. Rxh6 Bxc2 51. Kxc2 gxf4 52. Kb3 f3 53. Rh4 Ra8 54. Rf4 Rb8+ 55. Kc3 Ke6 56. Rxf3 Rb4 57. Re3+ Kf6 58. a5 Ra4 59. Kb3 Rxa5 60. Rd3 Ra7 61. Rd5 Rb7+ 62. Kc3 Rc7 63. Kd3 Kg5 64. Ke3 Kg4 65. Kf2 Rc8 66. Kg2 Kg5 67. Kf3 Ra8 68. h4+ Kf6 69. Rxc5 1-0

[Event "Chile-ch Women 2019"]
[Site "Santiago Las Condes"]
[Date "2019.02.12"]
[Round "2.5"]
[White "Henriquez Agurto, Antonia"]
[Black "Reyes Jara, Paula"]
[Result "0-1"]
[ECO "C50"]
[WhiteElo "1616"]
[BlackElo "1955"]
[Annotator "NA RC"]
[PlyCount "54"]
[EventDate "2019.02.12"]
[EventType "swiss"]
[EventCountry "CHI"]
[SourceTitle "playchess.com"]
[Source "ChessBase"]
[SourceQuality "1"]
[TimeControl "5400+30"]

1. e4 e5 2. Nf3 Nc6 3. Bc4 Be7 4. d4 d6 5. O-O Bg4 {[%emt 0:00:28] C50: Hungarian Defence and Giuoco Pianissimo} (5... Nf6 6. d5 Nb8 7. Bd3 Nbd7 8. c4 Nc5 9. Nc3 Nxd3 10. Qxd3 O-O 11. Nd2 Nh5 12. g3 g6 13. b4 f5 14. Ba3 {½-½ (32) Anand,V (2786)-Ivanchuk,V (2738) Leuven 2017}) 6. c3 Nf6 7. d5 Nb8 8. Re1 O-O 9. Nbd2 c6 10. dxc6 bxc6 11. Qc2 $146 ({Predecessor:} 11. Bb3 Nbd7 12. h3 Bh5 13. Nf1 Qc7 14. g4 Bg6 {0-1 (59) Chang,H (1766)-Bruschke,A (1517) Rotterdam 2014}) 11... Nbd7 12. Be2 d5 13. exd5 (13. h3 $5 Bxf3 14. Bxf3 $11) 13... cxd5 14. Nf1 Rc8 15. Ng3 d4 (15... Bc5 $17 16. Ba6 Rc7) 16. Bd2 Nc5 17. h3 (17. cxd4 $11 {remains equal.} exd4 18. Nf5) 17... d3 {[%emt 0:01:27] Double Attack} 18. Qc1 (18. Qb1 $17 {keeps fighting.}) 18... dxe2 19. hxg4 Nd3 ({Don't play} 19... Nxg4 20. Rxe2 Nd3 21. Qc2) 20. Qc2 Nxe1 21. Rxe1 Nxg4 $17 22. Rxe2 Bc5 23. Ne4 f5 24. Neg5 Qb6 25. Be1 e4 26. Nd2 e3 27. Nc4 exf2+ 0-1

[Event "Chile-ch Women 2019"]
[Site "Santiago Las Condes"]
[Date "2019.02.12"]
[Round "2.6"]
[White "Ruiz Olate, Emily Andrea"]
[Black "Romero Troncoso, Liset Anais"]
[Result "1/2-1/2"]
[ECO "C26"]
[WhiteElo "1892"]
[BlackElo "1604"]
[Annotator "NA RC"]
[PlyCount "74"]
[EventDate "2019.02.12"]
[EventType "swiss"]
[EventCountry "CHI"]
[SourceTitle "playchess.com"]
[Source "ChessBase"]
[SourceQuality "1"]
[TimeControl "5400+30"]

1. e4 e5 2. Nc3 Nf6 3. g3 Bc5 4. Bg2 d6 5. h3 c6 (5... a6 6. d3 Nc6 7. Nge2 O-O 8. O-O b5 9. a3 Rb8 10. Kh2 a5 11. f4 b4 12. axb4 axb4 13. Nb1 exf4 14. Nxf4 Nd4 15. Nd2 Bb7 16. c3 bxc3 17. bxc3 {1-0 (38) Mamedov,R (2688)-Inarkiev,E (2709) Doha 2016}) 6. Nge2 {[%emt 0:00:44] C26: Vienna Game: 2...Nf6, sidelines} O-O 7. O-O Be6 8. d3 h6 $146 ({Predecessor:} 8... d5 9. exd5 Nxd5 10. Kh2 Na6 11. f4 exf4 12. Nxf4 Nxf4 13. Bxf4 Nb4 14. Qd2 {1-0 (61) Nielsen,S (2195)-Barkhagen,J (2400) Aarhus 1995}) 9. Kh2 d5 10. f4 exf4 $1 11. Nxf4 dxe4 12. Nxe6 fxe6 13. Nxe4 Nbd7 (13... Nxe4 $11 {keeps the balance.} 14. Rxf8+ (14. Bxe4 Rxf1 15. Qxf1 Nd7 $11) (14. dxe4 Qxd1 15. Rxd1 e5 $11) 14... Qxf8 15. dxe4 Qe7) 14. Nxc5 Nxc5 15. Be3 Qd6 16. Qe2 e5 17. Bxc5 Qxc5 18. Rf5 Nd7 19. Rxf8+ Rxf8 20. d4 exd4 21. Qe6+ {[%emt 0:00:49] Double Attack} Rf7 $1 22. Rf1 {[%emt 0:22:08] [#]} Qf8 ({Black should try} 22... Nf6 $1 $17 23. Qb3 Kf8) 23. Be4 Qe7 24. Bf5 Kf8 25. Qc4 c5 (25... Ne5 $17 26. Qe2 g6) 26. Bxd7 Qxd7 27. Qxc5+ Kg8 28. Rxf7 Qxf7 29. Qxd4 Qxa2 30. Qd8+ Kh7 31. Qd3+ Kg8 32. b3 b6 33. Qd5+ Kh7 34. Qf5+ Kg8 35. g4 Qa6 36. Qe6+ Kf8 37. Kg3 Qa5 $11 1/2-1/2

[Event "Chile-ch Women 2019"]
[Site "Santiago Las Condes"]
[Date "2019.02.12"]
[Round "2.7"]
[White "Varela Varas, Patricia"]
[Black "Sanchez Tobar, Francisca Valentina"]
[Result "0-1"]
[ECO "C22"]
[WhiteElo "1540"]
[BlackElo "1817"]
[Annotator "NA RC"]
[PlyCount "104"]
[EventDate "2019.02.12"]
[EventType "swiss"]
[EventCountry "CHI"]
[SourceTitle "playchess.com"]
[Source "ChessBase"]
[SourceQuality "1"]
[TimeControl "5400+30"]

1. e4 e5 2. d4 exd4 3. Qxd4 Nc6 4. Qe3 Nf6 5. Nc3 Bb4 6. Bd2 O-O 7. O-O-O Re8 8. Qg3 Nxe4 9. Nxe4 Rxe4 10. c3 {[%emt 0:00:08] C22: Centre Game} Bf8 (10... Be7 11. f4 d5 12. Bd3 Bf5 13. Nf3 Qd7 14. Bxe4 Bxe4 15. Be3 Na5 16. Bd4 f6 17. Rhe1 Qa4 18. Rxe4 dxe4 {0-1 (31) Kriebel,T (2445)-Michalik,P (2554) Slovakia 2017}) 11. Bd3 Re8 12. Nf3 d6 13. Ng5 $1 g6 $1 14. f4 ({White should try} 14. h4 $1 $14) 14... Ne7 15. Qh4 $146 ({Predecessor:} 15. Qf3 Bg7 16. g4 f6 17. Ne4 f5 {1-0 (32) Smith,A (2145)-Bucher,G (2060) England 2014}) 15... h6 16. Nf3 Bf5 17. Be2 Nd5 18. Qf2 Nf6 19. Qf1 Ne4 20. Be1 Bg7 21. Nd4 Bxd4 22. Rxd4 Qe7 23. g4 Bd7 24. Bd1 c5 25. Rc4 Bb5 26. Rg1 Bxc4 27. Qxc4 {[%emt 0:00:06] [#]} d5 $19 28. Qxd5 Rad8 29. Qc4 Qd6 30. Bb3 Qxf4+ 31. Kb1 Nd2+ 32. Bxd2 Qxc4 33. Bxc4 Rxd2 34. h4 Kg7 35. h5 Re4 36. Bb3 Ree2 37. Rf1 Rxb2+ 38. Ka1 Rf2 39. Re1 Rbe2 40. Rd1 gxh5 41. gxh5 Re3 42. Rc1 Rh3 43. Rg1+ Kf6 44. Bd5 b6 45. Rd1 Rxh5 46. Bb3 Rhf5 47. Rd6+ Kg5 48. Rd7 h5 49. Rxa7 Re5 50. Rd7 Re1+ 51. Bd1 Rff1 52. Rd5+ f5 0-1